 Dungeon Crawl Stone Soup version 0.26-a0-1040-gbe3abf3417 (webtiles) character file.

Game seed: 1930712705758364175

429632 sahdkjhfkaj the Sorcerer (level 22, -11/127 HPs)
             Began as a Deep Elf Fire Elementalist on Dec 11, 2020.
             Was the Champion of Vehumet.
             Mangled by a vampire knight
             ... wielding a +0 great sword
              (14 damage)
             ... on level 2 of the Depths.
             The game lasted 02:31:11 (91015 turns).

sahdkjhfkaj the Sorcerer (DEFE)                    Turns: 91015, Time: 02:31:11

Health: -11/127    AC: 15    Str:  7    XL:     22   Next: 81%
Magic:  19/53      EV: 22    Int: 31    God:    Vehumet [******]
Gold:   4324       SH:  7    Dex: 13    Spells: 6/72 levels left

rFire    . . .     SeeInvis .   a - staff of conjuration
rCold    + . .     Faith    .   E - +2 buckler
rNeg     + . .     Spirit   .   k - +2 robe {Will+}
rPois    +         Reflect  .   R - +0 helmet
rElec    +         Harm     .   s - +2 cloak {rPois}
rCorr    .         Rampage  .   o - +0 pair of gloves
Will     +++..     NoTele   +   U - +3 pair of boots of Decompression {Dex+2}
Stlth    ++........             C - amulet of Qus Ufiehi {Inacc +Inv rElec Dex-4}
HPRegen  0.31/turn              c - ring of protection from cold
MPRegen  0.33/turn              n - ring of positive energy

@: can't move, very slightly contaminated
A: molten scales 1, mutation resistance 1, strong 1
}: 2/15 runes: decaying, serpentine
a: Renounce Religion, Evoke Invisibility


You were on level 2 of the Depths.
You worshipped Vehumet.
Vehumet was exalted by your worship.
You visited 10 branches of the dungeon, and saw 44 of its levels.
You visited 1 bazaar.
You also visited: Ice Cave and Wizlab.

You collected 6231 gold pieces.
You spent 1907 gold pieces at shops.

Inventory:

Missiles
 X - 2 throwing nets {!f}
Armour
 k - a +2 robe of willpower (worn)
 o - a +0 pair of gloves (worn)
 s - a +2 cloak of poison resistance (worn)
 E - a +2 buckler (worn)
 R - a +0 helmet (worn)
 U - the +3 pair of boots of Decompression (worn) {Dex+2}
   (You acquired it on level 14 of the Dungeon)

   It affects your dexterity (+2).
Magical Staves
 a - an uncursed staff of conjuration (weapon)
Jewellery
 c - a ring of protection from cold (left hand)
 f - an uncursed ring of fire
 n - a ring of positive energy (right hand)
 w - an uncursed ring of wizardry
 C - the amulet of Qus Ufiehi (around neck) {Inacc +Inv rElec Dex-4}
   (You found it on level 1 of the Swamp)

   [amulet of inaccuracy]

   It reduces the accuracy of all your attacks.
   It affects your dexterity (-4).
   It insulates you from electricity.
   It lets you turn invisible.
Wands
 g - a wand of disintegration (48)
 l - a wand of digging (13) {@v1}
 v - a wand of paralysis (30)
 y - a wand of iceblast (57) {@v4}
 N - a wand of enslavement (34)
 V - a wand of acid (12) {@v2}
Scrolls
 b - 4 scrolls of torment
 d - 6 scrolls of fog
 e - 22 scrolls of remove curse {@r2}
 q - a scroll of magic mapping
 r - 22 scrolls of identify {@r1}
 t - a scroll of teleportation {@r3}
 u - 5 scrolls of enchant armour
 x - 2 scrolls of enchant weapon
 B - a scroll of summoning
 D - a scroll of immolation
 I - 6 scrolls of fear
 P - a scroll of vulnerability
 Q - a scroll of holy word
 W - a scroll of silence
 Y - a scroll of brand weapon
Potions
 h - 3 potions of magic
 i - 11 potions of curing {@q1}
 j - 5 potions of attraction
 p - 5 potions of flight
 z - a potion of might {@q4}
 F - 3 potions of ambrosia
 G - 3 potions of haste {@q3}
 J - 5 potions of brilliance
 K - 3 potions of lignification
 M - 4 potions of mutation
 O - 4 potions of resistance {@q6}
 S - 2 potions of cancellation
 Z - a potion of invisibility
Miscellaneous
 H - a phantom mirror
 L - a tin of tremorstones (2/2)
 T - a condenser vane


   Skills:
 - Level 10.0 Fighting
 - Level 16.2 Dodging
 - Level 2.4 Stealth
 - Level 4.0 Shields
 + Level 25.5 Spellcasting
 - Level 16.4 Conjurations
 - Level 15.0 Hexes
 * Level 7.0 Summonings
 * Level 8.7 Translocations
 - Level 9.0 Transmutations
 - Level 16.4 Fire Magic
 - Level 10.0 Ice Magic
 - Level 10.0 Earth Magic
 - Level 10.0 Evocations


You had 6 spell levels left.
You knew the following spells:

 Your Spells              Type           Power        Failure   Level
a - Orb of Destruction    Conj           ########..   1%          7
b - Blink                 Tloc           N/A          1%          2
e - Fireball              Conj/Fire      ########..   0%          5
f - Fire Storm            Conj/Fire      ########..   21%         9
g - Passage of Golubria   Tloc           N/A          1%          4
i - Ignition              Fire           #######...   1%          8
x - Iron Shot             Conj/Erth      ########..   1%          6
A - Irradiate             Conj/Tmut      ########..   1%          5
D - Dragon Form           Tmut           #######...   14%         7
G - Malign Gateway        Summ/Tloc      ######....   22%         7
S - Shadow Creatures      Summ           N/A          5%          6

Your spell library contained the following spells:

 Spells                   Type           Power        Failure   Level
 Lehudib's Crystal Spear  Conj/Erth      ########..   5%          8
 Absolute Zero            Ice            #######...   93%         9
 Beastly Appendage        Tmut           ######       0%          1
 Corona                   Hex            #######      0%          1
 Foxfire                  Conj/Fire      ####         0%          1
 Freeze                   Ice            ####         0%          1
 Magic Dart               Conj           ####         0%          1
 Sandblast                Erth           ######       0%          1
 Shock                    Conj/Air       ####         0%          1
 Ensorcelled Hibernation  Hex/Ice        ######       0%          2
 Searing Ray              Conj           ######       0%          2
 Slow                     Hex            #######.     0%          2
 Confusing Touch          Hex            #######.     0%          3
 Conjure Flame            Conj/Fire      ########     0%          3
 Dazzling Flash           Conj/Hex       ######       0%          3
 Inner Flame              Hex/Fire       #######.     0%          3
 Portal Projectile        Hex/Tloc       ######       0%          3
 Stone Arrow              Conj/Erth      ######       0%          3
 Tukima's Dance           Hex            #######.     0%          3
 Cause Fear               Hex            #######...   0%          4
 Fulminant Prism          Conj/Hex       ########..   0%          4
 Sticky Flame             Conj/Fire      ########     0%          4
 Iskenderun's Battlesphe  Conj           ########     0%          5
 Animate Skeleton         Necr           #####.       1%          1
 Apportation              Tloc           ######       1%          1
 Pain                     Necr           ####         1%          1
 Summon Small Mammal      Summ           ####         1%          1
 Call Imp                 Summ           ######..     1%          2
 Corpse Rot               Necr/Air       N/A          1%          2
 Passwall                 Tmut/Erth      #######.     1%          2
 Poisonous Vapours        Pois/Air       #####.       1%          2
 Swiftness                Air            #####...     1%          2
 Wereblood                Tmut           #######.     1%          2
 Call Canine Familiar     Summ           ######..     1%          3
 Frozen Ramparts          Ice            ######       1%          3
 Gell's Gravitas          Tloc           #######...   1%          3
 Lesser Beckoning         Tloc           #######...   1%          3
 Mephitic Cloud           Conj/Pois/Air  #######.     1%          3
 Ozocubu's Armour         Ice            #######.     1%          3
 Spider Form              Tmut/Pois      ######....   1%          3
 Static Discharge         Conj/Air       #######.     1%          3
 Summon Guardian Golem    Hex/Summ       #######.     1%          3
 Teleport Other           Tloc           #######.     1%          3
 Vampiric Draining        Necr           #####.....   1%          3
 Airstrike                Air            #####.....   1%          4
 Hailstorm                Conj/Ice       ########     1%          4
 Ice Form                 Ice/Tmut       #######.     1%          4
 Iskenderun's Mystic Bla  Conj/Tloc      ########     1%          4
 Petrify                  Tmut/Erth      #######.     1%          4
 Summon Ice Beast         Ice/Summ       #######.     1%          4
 Summon Lightning Spire   Summ/Air       ######..     1%          4
 Blade Hands              Tmut           #######...   1%          5
 Bolt of Magma            Conj/Fire/Erth ########..   1%          5
 Lee's Rapid Deconstruct  Erth           #######...   1%          5
 Lightning Bolt           Conj/Air       #######...   1%          5
 Metabolic Englaciation   Hex/Ice        #######...   1%          5
 Silence                  Hex/Air        ######....   1%          5
 Yara's Violent Unravell  Hex/Tmut       #######...   1%          5
 Conjure Ball Lightning   Conj/Air       #######...   1%          6
 Freezing Cloud           Conj/Ice/Air   #######...   1%          6
 Invisibility             Hex            #######.     1%          6
 Ozocubu's Refrigeration  Ice            #######...   1%          6
 Borgnjor's Vile Clutch   Necr/Erth      ######....   2%          5
 Dispersal                Tloc           #######...   2%          6
 Alistair's Intoxication  Tmut/Pois      ######...    3%          5
 Animate Dead             Necr           #####.....   7%          4
 Dispel Undead            Necr           #####...     7%          4
 Simulacrum               Ice/Necr       ######....   13%         6
 Agony                    Necr           #####...     19%         5
 Death Channel            Necr           #####.....   71%         6
 Spellforged Servitor     Conj/Summ      ########..   1%          7
 Discord                  Hex            #######...   10%         8
 Disjunction              Tloc           #######...   77%         8
 Shatter                  Erth           #######...   93%         9
 Dragon's Call            Summ           ######....   100%        9
 Tornado                  Air            #####.....   100%        9


Dungeon Overview and Level Annotations

Branches:
Dungeon (15/15)            Temple (1/1) D:5            Lair (6/6) D:8
  Swamp (4/4) Lair:2        Snake (4/4) Lair:3        Slime (0/5) Lair:6
    Orc (2/2) D:9             Elf (3/3) Orc:2        Vaults (5/5) D:13
  Crypt (1/3) Vaults:3     Depths (3/5) D:15          IceCv (visited)
 WizLab (visited)

Altars:
Ashenzari
Cheibriados
Dithmenos
Elyvilon
Fedhas
Gozag
Hepliaklqana
Kikubaaqudgha
Makhleb
Nemelex Xobeh
Okawaru
Qazlal
Ru
Sif Muna
Trog
Uskayaw
Vehumet
Wu Jian
Xom
Yredelemnul
Zin
The Shining One
Jiyva

Shops:
D:6 *   D:9 ?(((   D:12 *   Orc:2 [[((**   Elf:3 }=   Snake:1 }*   Vaults:2 *
Vaults:3 [

Portals:
Hell: Depths:1
Trove: D:10 (give 18 potions of curing)

Annotations:
Lair:6 3 runed translucent doors, exclusion: 4 oklob plants, PurpleCat's ghost, journeyman MiBe
Snake:4 3 exclusions
Elf:2 3 runed translucent doors
Vaults:2 Jory
Depths:2 Nikola


Innate Abilities, Weirdness & Mutations

You are partially covered in molten scales. (AC +2)
You are somewhat resistant to further mutation.
Your muscles are strong. (Str +2)


Message History

* * * LOW HITPOINT WARNING * * *
A slime creature comes into view.
You feel better. Something closely misses you. Something bites you!
* * * LOW HITPOINT WARNING * * *
Something draws strength from your injuries!
The slime creature barely misses you.
Casting: Malign Gateway (dangerous; 22% risk of failure)
Confirm with . or Enter, or press ? or * to list all spells.
Okay, then.
Casting: Malign Gateway (dangerous; 22% risk of failure)
Confirm with . or Enter, or press ? or * to list all spells.
You feel a surge of power!
You erupt in a fountain of uncontrolled magic!
Something is blasted with magical radiation!!!
The slime creature is blasted with magical radiation!!
The slime creature is almost dead.
The slime creature twists and deforms.
Something hits you!
* * * LOW HITPOINT WARNING * * *
Something bites you!
You die...

###+######
#.....$..#
#........#
#>.......#
#........#
+........#
#...)....#
#...@....#
#...{J...#
#....(...#
#........#
#......[.#
#...J...c#
....J.......
.............#
###..........#


You could see 3 slime creatures and a yaktaur.

Vanquished Creatures
  Vashnia (Snake:4)
  the Lernaean hydra (Swamp:4)
  A bone dragon (Vaults:3)
  A tentacled monstrosity (Vaults:4)
  A lich (Vaults:4)
  2 deep elf master archers (Elf:3)
  2 deep elf blademasters (Elf:3)
  Kirke (D:12)
  A sphinx (Vaults:4)
  2 fenstrider witches
  Donald (Swamp:4)
  10 nagarajas
  7 deep elf sorcerers
  6 vault wardens
  A fire giant (Vaults:4)
  2 frost giants
  Louise (Snake:3)
  An emperor scorpion (shapeshifter) (Vaults:3)
  Aizul (Snake:4)
  A ghoul (Swamp:2)
  19 ironheart preservers
  5 stone giants
  A deep elf elementalist (Elf:3)
  13 very ugly things
  8 deep elf demonologists
  The ghost of Xiavits the Quickloader, a journeyman GrMo of Okawaru (D:14)
  2 bunyips (Swamp:3)
  2 nameless horrors (D:15)
  11 deep elf annihilators
  A minotaur (D:14)
  3 entropy weavers
  6 deep elf death magi
  4 ettins
  An ettin (shapeshifter) (Vaults:4)
  3 fire dragons
  8 yaktaur captains
  2 deep elf high priests (Elf:3)
  4 jiangshi
  22 hydras
  8 ice dragons
  4 eleionomae
  15 naga warriors (Snake:4)
  7 great orbs of eyes
  7 anacondas
  27 vault guards
  3 ghost crabs
  2 rakshasas (Vaults:3)
  9 boulder beetles
  13 dancing weapons
  5 death yaks
  13 centaur warriors
  3 catoblepae
  4 death knights
  37 two-headed ogres
  6 alligators
  15 ogre magi
  A deep troll shaman (Vaults:3)
  6 orc high priests
  7 shock serpents
  5 tengu warriors
  3 vampire magi
  26 naga sharpshooters
  8 spriggans
  19 deep elf knights
  A hell knight (D:14)
  Nergalle (D:10)
  An iron troll (Depths:3)
  A shadow wraith (Vaults:1)
  A goliath frog (Swamp:3)
  6 skeletal warriors
  10 deep trolls (Vaults:3)
  15 bog bodies
  13 swamp dragons
  A glowing orange brain (Depths:2)
  12 naga ritualists
  6 spriggan druids
  8 deep elf archers
  Pikel (D:8)
  14 ironbrand convokers
  6 unseen horrors
  A flayed ghost (Vaults:4)
  An unseen horror (shapeshifter) (Vaults:2)
  A wizard (Depths:1)
  A lindwurm (Lair:5)
  18 orc knights
  3 necromancers (Elf:1)
  2 wolf spider zombies (D:15)
  9 harpies
  2 phantasmal warriors
  6 will-o-the-wisps
  13 cyclopes
  13 mana vipers
  34 ugly things
  5 wolf spiders
  6 salamanders
  51 deep elf magi
  8 orc sorcerers
  Joseph (D:10)
  6 manticores
  8 elephants
  28 black mambas
  18 naga magi
  4 guardian serpents (Snake:4)
  An ice statue (IceCv)
  11 vault sentinels
  A black mamba (shapeshifter) (Vaults:2)
  A torpor snail (Lair:6)
  4 gargoyles
  20 cane toads
  5 spectral swamp worms
  3 kobold demonologists
  2 rime drakes
  9 komodo dragons
  38 yaktaurs
  A komodo dragon (shapeshifter) (Vaults:2)
  8 freezing wraiths
  2 tengu conjurers (Depths:2)
  A harpy zombie (D:14)
  A merfolk (shapeshifter) (Vaults:4)
  A queen bee (shapeshifter) (Elf:2)
  3 meliai (D:14)
  2 hornets (shapeshifter)
  9 trolls
  A wolf spider simulacrum (D:14)
  8 hornets
  A meliai (shapeshifter) (Vaults:4)
  2 bloated husks
  19 polar bears
  18 tyrant leeches
  21 slime creatures
  3 dream sheep (Lair:6)
  2 large abominations (Elf:1)
  19 blink frogs
  A shadow (D:14)
  4 air elementals
  A fire bat (shapeshifter) (Vaults:2)
  A vampire (D:14)
  8 wyverns
  2 water elementals
  8 redbacks
  84 yaks
  2 tarantellas (Vaults:3)
  A human (shapeshifter) (Vaults:2)
  5 basilisks
  A wraith (D:14)
  11 humans
  7 fire elementals
  2 steam dragons
  22 vampire mosquitoes
  66 nagas
  20 swamp worms
  3 wargs
  3 soldier ants
  10 acid dragons
  18 water moccasins
  10 swamp drakes
  4 sky beasts
  A black bear (Lair:3)
  5 ice beasts
  33 orc warriors
  4 phantoms
  3 eyes of draining
  4 boggarts (D:14)
  A boulder beetle simulacrum (Vaults:2)
  2 necrophages
  37 ogres
  29 wolves
  17 centaurs
  A lemure (D:8)
  2 elf zombies (Elf:1)
  6 big kobolds
  A big kobold (shapeshifter) (Vaults:1)
  23 bullfrogs
  3 earth elementals
  A water moccasin zombie (D:10)
  6 scorpions
  3 killer bees
  24 wights
  4 howler monkeys
  2 electric eels
  2 bullfrog zombies
  2 centaur zombies
  3 quasits
  32 orc priests
  6 hounds
  4 jellies
  32 orc wizards
  8 centaur skeletons
  3 bullfrog skeletons
  Terence (D:3)
  2 iguanas
  8 worker ants
  7 hell rats (Lair:5)
  A hound skeleton (D:8)
  2 howler monkey zombies
  Robin (D:2)
  2 worker ant zombies
  9 adders
  2 river rats (D:6)
  3 shadow imps
  2 white imps
  3 ufetubi
  3 oozes
  2 adder skeletons
  An adder zombie (D:4)
  3 worms
  3 dart slugs
  3 leopard geckos
  90 orcs
  A ball python (D:1)
  5 bats
  7 giant cockroaches
  14 hobgoblins
  3 jackals (D:9)
  3 quokkas
  5 frilled lizards
  A giant cockroach zombie (D:6)
  2 gnoll zombies (D:8)
  12 goblins
  20 kobolds
  A leopard gecko skeleton (D:6)
  A leopard gecko zombie (D:5)
  9 rats
  A bush (Lair:4)
1797 creatures vanquished.

Vanquished Creatures (collateral kills)
  A very ugly thing (Depths:1)
  A vampire mage (Depths:3)
  A deep troll (Depths:3)
  A deep elf mage (Vaults:4)
  A yaktaur (Depths:3)
5 creatures vanquished.

Vanquished Creatures (others)
  2 eldritch tentacles
  An unseen horror (D:14)
  A bog body (Swamp:4)
  A deep elf mage (Elf:1)
  A yaktaur (Vaults:2)
  A bloated husk (Swamp:4)
  3 humans (D:12)
  2 water elementals (Elf:2)
  A worker ant (D:12)
  A bush (Lair:6)
  3 fire vortices (Vaults:4)
  767 foxfires
  56 fungi
  130 plants
  16 withered plants (Swamp:2)
986 creatures vanquished.

Grand Total: 2788 creatures vanquished

Notes
Turn   | Place    | Note
-------+----------+-------------------------------------------
     0 | D:1      | sahdkjhfkaj the Deep Elf Fire Elementalist began the quest
                  | for the Orb.
     0 | D:1      | Reached XP level 1. HP: 10/10 MP: 6/6
   465 | D:1      | Reached XP level 2. HP: 15/15 MP: 4/8
  1364 | D:1      | Reached XP level 3. HP: 19/19 MP: 6/9
  1783 | D:2      | Found a sacrificial altar of Ru.
  1829 | D:2      | Became a worshipper of Ru the Awakened
  1907 | D:2      | Found a hazy altar of Hepliaklqana.
  2158 | D:2      | Noticed Robin
  2246 | D:2      | Killed Robin
  2247 | D:2      | Reached XP level 4. HP: 24/24 MP: 4/11
  2331 | D:2      | Learned a level 4 spell: Sticky Flame
  2460 | D:2      | Found an iron altar of Okawaru.
  2758 | D:2      | Found a shadowy altar of Dithmenos.
  3163 | D:3      | Reached skill level 4 in Spellcasting
  3472 | D:3      | Noticed Terence
  3490 | D:3      | Killed Terence
  3530 | D:3      | Reached XP level 5. HP: 24/28 MP: 7/13
  4715 | D:4      | Found a shimmering blue altar of Sif Muna.
  4739 | D:4      | Found an opulent altar of Gozag.
  4910 | D:4      | Reached skill level 5 in Spellcasting
  4910 | D:4      | Reached XP level 6. HP: 32/32 MP: 8/15
  5012 | D:4      | Reached skill level 5 in Fire Magic
  5046 | D:4      | Reached skill level 5 in Conjurations
  5407 | D:4      | Reached skill level 6 in Spellcasting
  5407 | D:4      | Reached XP level 7. HP: 36/36 MP: 12/18
  5780 | D:5      | Entered Level 5 of the Dungeon
  6437 | D:5      | Found a staircase to the Ecumenical Temple.
  6540 | D:6      | Learned a level 5 spell: Fireball
  6544 | D:6      | Learned a level 3 spell: Conjure Flame
  6690 | Temple   | Entered the Ecumenical Temple
  7067 | D:5      | HP: 1/36 [ogre/+0 giant club (28)]
  7074 | D:5      | Reached skill level 7 in Spellcasting
  7398 | D:5      | Found a white marble altar of Elyvilon.
  7407 | D:5      | Reached XP level 8. HP: 41/41 MP: 19/20
  7699 | D:6      | Found Tisen's Tempting Trifles.
  8040 | D:6      | Reached skill level 8 in Spellcasting
  9035 | D:6      | Found Tisen's Tempting Trifles.
  9239 | D:7      | Found an ornate altar of the Wu Jian Council.
  9567 | D:7      | Found a stormy altar of Qazlal.
  9587 | D:7      | Got a shadowed robe
  9597 | D:7      | Identified the cursed +1 robe of the Everdark {Str+3} (You
                  | found it on level 7 of the Dungeon)
  9825 | D:7      | Reached skill level 9 in Spellcasting
  9966 | D:8      | Noticed Pikel
  9971 | D:8      | Killed Pikel
  9972 | D:8      | Reached XP level 9. HP: 37/45 MP: 9/24
 10147 | D:8      | Found a basalt altar of Yredelemnul.
 10290 | D:8      | Found a staircase to the Lair.
 10322 | D:8      | Learned a level 2 spell: Blink
 10411 | D:8      | Found a glowing golden altar of the Shining One.
 10475 | D:8      | Noticed a two-headed ogre
 10481 | D:8      | Killed a two-headed ogre
 10482 | D:8      | Reached skill level 10 in Spellcasting
 10649 | D:8      | Found a radiant altar of Vehumet.
 10670 | D:8      | Fell from the grace of Ru
 10670 | D:8      | Became a worshipper of Vehumet
 11485 | Lair:1   | Entered Level 1 of the Lair of Beasts
 11488 | Lair:1   | Reached XP level 10. HP: 50/50 MP: 24/26
 11491 | Lair:1   | Reached skill level 11 in Spellcasting
 11492 | Lair:1   | Reached * piety under Vehumet
 11492 | Lair:1   | Offered knowledge of Sandblast by Vehumet.
 11943 | D:9      | Learned a level 4 spell: Cause Fear
 12031 | D:9      | Found Metwin's Antique Weapon Shoppe.
 12088 | D:9      | Found Fiwnezy's Weapon Emporium.
 12210 | D:9      | Found Jauteut's Magic Scroll Boutique.
 12210 | D:9      | Found Cir At Vata's Weapon Shoppe.
 12222 | D:9      | Reached skill level 1 in Hexes
 12579 | D:9      | Found a staircase to the Orcish Mines.
 12634 | D:10     | Entered Level 10 of the Dungeon
 13038 | D:10     | Reached skill level 10 in Fire Magic
 13153 | D:10     | Reached skill level 10 in Conjurations
 13283 | D:10     | Found a portal to a secret trove of treasure.
 13405 | D:10     | Reached skill level 1 in Shields
 13427 | D:10     | Noticed Nergalle
 13432 | D:10     | Killed Nergalle
 13718 | D:10     | Noticed a two-headed ogre
 13724 | D:10     | Killed a two-headed ogre
 13942 | D:10     | Reached ** piety under Vehumet
 13942 | D:10     | Offered knowledge of Freeze by Vehumet.
 14302 | D:10     | Reached skill level 12 in Spellcasting
 14306 | D:10     | Reached XP level 11. HP: 54/54 MP: 17/29
 14497 | D:10     | Reached skill level 5 in Hexes
 14497 | D:10     | Noticed Joseph
 14502 | D:10     | Killed Joseph
 15220 | Lair:1   | Noticed a seven-headed hydra
 15234 | Lair:1   | Killed a seven-headed hydra
 16174 | Lair:2   | Reached skill level 13 in Spellcasting
 16419 | Lair:2   | Offered knowledge of Frozen Ramparts by Vehumet.
 16574 | Lair:2   | Reached skill level 10 in Hexes
 17121 | Lair:2   | Learned a level 6 spell: Invisibility
 17301 | Lair:2   | You fall into a shaft and drop 1 floor!
 17301 | Lair:3   | Found a staircase to the Snake Pit.
 17347 | Lair:3   | Reached *** piety under Vehumet
 17370 | Lair:3   | Reached XP level 12. HP: 33/59 MP: 1/31
 17700 | Lair:3   | Reached skill level 14 in Spellcasting
 17925 | Lair:3   | Offered knowledge of Ignite Poison by Vehumet.
 18188 | Lair:3   | You fall into a shaft and drop 2 floors!
 18215 | Lair:5   | Noticed a boulder beetle
 18290 | Lair:4   | Noticed a death yak
 18306 | Lair:4   | Noticed a death yak
 18505 | Lair:2   | Found a staircase to the Swamp.
 19540 | Lair:4   | Noticed a death yak
 19579 | Lair:4   | Killed a death yak
 19580 | Lair:4   | Killed a death yak
 19597 | Lair:4   | Killed a death yak
 19598 | Lair:4   | Reached skill level 15 in Spellcasting
 20171 | Lair:5   | Reached skill level 1 in Fighting
 20179 | Lair:5   | Killed a boulder beetle
 20253 | Lair:5   | Noticed a six-headed hydra
 20497 | Lair:5   | Killed a six-headed hydra
 20631 | Lair:5   | Reached skill level 5 in Dodging
 20821 | Lair:5   | Reached **** piety under Vehumet
 20824 | Lair:5   | Offered knowledge of Bolt of Magma by Vehumet.
 21059 | Lair:5   | Noticed a catoblepas
 21067 | Lair:5   | Killed a catoblepas
 21068 | Lair:5   | Reached XP level 13. HP: 70/70 MP: 23/34
 21091 | Lair:5   | Gained mutation: Your magical capacity is low. (-10% MP)
                  | [mutagenic glow]
 21645 | Lair:6   | Entered Level 6 of the Lair of Beasts
 22225 | Lair:6   | Found a runed translucent gate.
 22225 | Lair:6   | Found a runed translucent gate.
 22225 | Lair:6   | Found a runed translucent gate.
 23313 | Lair:6   | Reached skill level 5 in Fighting
 23851 | Lair:6   | Reached ***** piety under Vehumet
 23870 | Lair:6   | Offered knowledge of Olgreb's Toxic Radiance by Vehumet.
 25084 | Lair:6   | Reached skill level 10 in Dodging
 25512 | Lair:6   | Learned a level 4 spell: Passage of Golubria
 25551 | Lair:6   | Noticed a death ooze
 25554 | Lair:6   | Noticed PurpleCat's ghost (journeyman MiBe)
 25556 | Lair:6   | Found a viscous altar of Jiyva.
 25842 | Lair:6   | Found a staircase to the Slime Pits.
 25842 | Lair:6   | Found a viscous altar of Jiyva.
 26416 | D:11     | Reached XP level 14. HP: 82/82 MP: 26/31
 26431 | D:11     | Reached skill level 15 in Hexes
 26466 | D:11     | Found a frozen archway.
 26784 | IceCv    | Entered an ice cave
 28273 | IceCv    | Identified the ring "Diggyh" {Ice rPois Int+5}
 28273 | IceCv    | Noticed a frost giant
 28282 | IceCv    | Killed a frost giant
 28735 | D:11     | Found a sacrificial altar of Ru.
 28789 | D:11     | Offered knowledge of Irradiate by Vehumet.
 29920 | D:11     | Identified a scroll of acquirement
 29920 | D:11     | Acquired 857 gold pieces
 29928 | D:11     | Learned a level 5 spell: Irradiate
 31041 | D:12     | Noticed Kirke
 31046 | D:12     | Killed Kirke
 31512 | D:12     | Found Inen's Assorted Antiques.
 31520 | D:12     | Bought a hardcover book for 510 gold pieces
 32153 | D:13     | Reached XP level 15. HP: 82/92 MP: 19/32
 32344 | D:13     | Reached skill level 10 in Fighting
 33021 | Orc:1    | Entered Level 1 of the Orcish Mines
 33940 | Orc:1    | Learned a level 6 spell: Ozocubu's Refrigeration
 33942 | Orc:2    | Entered Level 2 of the Orcish Mines
 34109 | Orc:2    | Found Ipeewoad's General Store.
 34120 | Orc:2    | Bought a scroll of acquirement for 624 gold pieces
 34120 | Orc:2    | Acquired an uncursed ring of fire
 34125 | Orc:2    | Reached skill level 1 in Ice Magic
 34217 | Orc:2    | Reached ****** piety under Vehumet
 34524 | Orc:2    | Offered knowledge of Starburst by Vehumet.
 34910 | Orc:2    | Reached skill level 15 in Dodging
 35088 | Orc:2    | Found a staircase to the Elven Halls.
 35373 | Orc:2    | Reached skill level 5 in Ice Magic
 35472 | Orc:2    | Found Zioqab's Weapon Shoppe.
 35472 | Orc:2    | Found Dinlaig's Weapon Boutique.
 35487 | Orc:2    | Found Vuoj's Armour Boutique.
 35487 | Orc:2    | Found Sesub's Armour Shoppe.
 35605 | Orc:2    | Found Voilietao's Assorted Antiques.
 35612 | Orc:2    | Bought a leatherbound book for 405 gold pieces
 37189 | D:13     | Found a gate to the Vaults.
 37629 | D:14     | Offered knowledge of Iron Shot by Vehumet.
 37947 | D:14     | Noticed a frost giant
 38237 | D:14     | Killed a frost giant
 38375 | D:14     | Found a runed translucent gate.
 38375 | D:14     | Found a runed translucent gate.
 38375 | D:14     | Found a runed translucent gate.
 38378 | D:14     | Noticed Xiavits's ghost (journeyman GrMo)
 38462 | D:14     | Reached skill level 5 in Translocations
 38674 | D:14     | Reached skill level 10 in Ice Magic
 38674 | D:14     | Acquired the +3 pair of boots of Decompression {Dex+2}
 39428 | D:14     | Reached XP level 16. HP: 97/97 MP: 29/33
 39502 | D:14     | Killed Xiavits's ghost
 39624 | D:14     | Learned a level 6 spell: Iron Shot
 39625 | D:15     | Entered Level 15 of the Dungeon
 39629 | D:15     | Reached skill level 1 in Earth Magic
 40356 | D:15     | Offered knowledge of Spellforged Servitor by Vehumet.
 40538 | D:15     | Found a staircase to the Depths.
 40546 | D:15     | Reached skill level 5 in Earth Magic
 40575 | D:15     | Reached skill level 16 in Spellcasting
 42262 | Swamp:1  | Entered Level 1 of the Swamp
 42533 | Swamp:1  | Got a vibrating emerald amulet
 42807 | Swamp:1  | Identified the amulet of Qus Ufiehi {Inacc +Inv rElec
                  | Dex-4} (You found it on level 1 of the Swamp)
 43012 | Swamp:1  | Identified the +1 robe "Dicem" {Dex+2} (You found it on
                  | level 1 of the Swamp)
 43216 | Swamp:2  | Identified the +9 mace of Fudaptire {flame, rF+}
 44222 | Swamp:2  | Reached skill level 10 in Earth Magic
 44359 | Swamp:2  | You fall into a shaft and drop 1 floor!
 44363 | Swamp:3  | Reached skill level 17 in Spellcasting
 44879 | Swamp:3  | Reached XP level 17. HP: 102/102 MP: 14/36
 45234 | Swamp:3  | Offered knowledge of Orb of Destruction by Vehumet.
 45235 | Swamp:3  | Reached skill level 18 in Spellcasting
 45236 | Swamp:3  | Paralysed by a fenstrider witch for 2 turns
 45974 | Swamp:4  | Entered Level 4 of the Swamp
 46432 | Swamp:4  | Reached skill level 19 in Spellcasting
 47617 | Swamp:4  | Reached skill level 20 in Spellcasting
 48571 | Swamp:4  | Noticed the 27-headed Lernaean hydra
 50766 | Swamp:4  | Killed the 27-headed Lernaean hydra
 50771 | Swamp:4  | Got a decaying rune of Zot
 50857 | Swamp:4  | Learned a level 7 spell: Orb of Destruction
 51111 | Swamp:4  | Offered knowledge of Ignition by Vehumet.
 51193 | Swamp:4  | Noticed Donald
 51198 | Swamp:4  | Killed Donald
 51447 | Snake:1  | Entered Level 1 of the Snake Pit
 51524 | Snake:1  | Found Biypn's Gadget Shop.
 51666 | Snake:1  | Found Hiheskum's Assorted Antiques.
 52688 | Snake:2  | Reached XP level 18. HP: 107/107 MP: 39/39
 54195 | Snake:2  | Reached skill level 1 in Evocations
 54682 | Snake:3  | Noticed Louise
 54707 | Snake:3  | Killed Louise
 54889 | Snake:3  | Identified the +2 pair of gloves of Xogaen {rF- Int+5} (You
                  | found it on level 3 of the Snake Pit)
 55888 | Snake:4  | Entered Level 4 of the Snake Pit
 55901 | Snake:4  | Reached skill level 5 in Evocations
 56406 | Snake:4  | Found the +5 scythe "Finisher" {speed, eviscerate}
 56848 | Snake:4  | Offered knowledge of Lehudib's Crystal Spear by Vehumet.
 56848 | Snake:4  | Offered knowledge of Fire Storm by Vehumet.
 56848 | Snake:4  | Offered knowledge of Absolute Zero by Vehumet.
 58003 | Snake:4  | Noticed Vashnia
 58722 | Snake:4  | Reached skill level 21 in Spellcasting
 59193 | Snake:4  | Killed Vashnia
 59957 | Snake:4  | Reached XP level 19. HP: 89/112 MP: 22/42
 60187 | Snake:4  | Noticed Aizul
 60192 | Snake:4  | Killed Aizul
 61138 | Snake:4  | Reached skill level 22 in Spellcasting
 62111 | Snake:4  | Got a serpentine rune of Zot
 62449 | Vaults:1 | Entered Level 1 of the Vaults
 62887 | Vaults:1 | Reached skill level 10 in Evocations
 63890 | Vaults:1 | Reached skill level 23 in Spellcasting
 64408 | Vaults:1 | You fall into a shaft and drop 1 floor!
 64716 | Vaults:2 | Learned a level 7 spell: Dragon Form
 64846 | Vaults:2 | Reached skill level 1 in Transmutations
 65109 | Vaults:2 | Found Eheroum's Assorted Antiques.
 65705 | Vaults:1 | Reached skill level 5 in Transmutations
 66346 | D:9      | Bought a scroll of amnesia for 56 gold pieces
 66408 | Orc:2    | Bought a scroll of amnesia for 42 gold pieces
 68227 | Vaults:1 | Gained mutation: You are weak. (Str -2) [a neqoxec]
 68505 | Vaults:1 | Lost mutation: Your magical capacity is low. (-10% MP)
                  | [potion of mutation]
 68505 | Vaults:1 | Lost mutation: You are weak. (Str -2) [potion of mutation]
 68505 | Vaults:1 | Gained mutation: You are partially covered in molten
                  | scales. (AC +2) [potion of mutation]
 68505 | Vaults:1 | Gained mutation: Your muscles are strong. (Str +2) [potion
                  | of mutation]
 68505 | Vaults:1 | Gained mutation: You are somewhat resistant to further
                  | mutation. [potion of mutation]
 68679 | Vaults:2 | Reached XP level 20. HP: 117/117 MP: 42/49
 68873 | Vaults:2 | Found the +10 tower shield of Ignorance {rN+ Int-4}
 69451 | Vaults:2 | Noticed Jory
 70495 | Vaults:3 | Found a flickering gateway to a bazaar.
 70504 | Bazaar   | Entered a bazaar
 70504 | Bazaar   | Found Pikithrio's Assorted Antiques.
 70747 | Bazaar   | Found Ycenofuh's Jewellery Emporium.
 70760 | Bazaar   | Found Iqucuvvo's Jewellery Emporium.
 70971 | Vaults:3 | You fall into a shaft and drop 1 floor!
 71352 | Vaults:4 | Reached skill level 24 in Spellcasting
 72392 | Vaults:3 | Learned a level 9 spell: Fire Storm
 74215 | Vaults:3 | Noticed a bone dragon
 74703 | Vaults:3 | Killed a bone dragon
 76092 | Vaults:3 | Found a staircase to the Crypt.
 76216 | Vaults:3 | Found Qouriahole's Antique Armour Shop.
 76340 | Vaults:3 | Bought an embroidered cloak for 270 gold pieces
 76733 | Crypt:1  | Entered Level 1 of the Crypt
 76869 | Vaults:4 | Reached XP level 21. HP: 122/122 MP: 47/51
 80212 | Elf:1    | Entered Level 1 of the Elven Halls
 80215 | Elf:1    | Reached skill level 15 in Conjurations
 80222 | Elf:1    | Reached skill level 15 in Fire Magic
 80827 | Elf:1    | Found an ancient bone altar of Kikubaaqudgha.
 81339 | Elf:1    | Identified Nadwoogh's Volume of Evil Secrets
 82150 | Elf:1    | You fall into a shaft and drop 1 floor!
 82165 | Elf:2    | Found a runed translucent gate.
 82195 | Elf:2    | Found a runed translucent gate.
 82197 | Elf:2    | Found a runed translucent gate.
 82486 | Elf:2    | Found a magical portal.
 82508 | WizLab   | Entered Doroklohe's Tomb
 83703 | Elf:2    | Learned a level 8 spell: Ignition
 84186 | Elf:3    | Entered Level 3 of the Elven Halls
 85234 | Elf:3    | Found Qucey's Gadget Shop.
 85236 | Elf:3    | Found Talocish's Jewellery Emporium.
 85237 | Elf:3    | Found Aqeuc's Gadget Shop.
 85876 | Elf:3    | Reached skill level 25 in Spellcasting
 85876 | Elf:3    | Identified the +2 leather armour of Coggal {Dex+4}
 85878 | Elf:3    | Reached XP level 22. HP: 49/127 MP: 12/53
 87057 | Elf:3    | Learned a level 6 spell: Shadow Creatures
 87183 | Elf:3    | Identified the Guide on Igneous Summoning
 87187 | Elf:3    | Identified Hajoa's Papyrus of Attacks
 87740 | Vaults:5 | Entered Level 5 of the Vaults
 88506 | Vaults:4 | Learned a level 7 spell: Malign Gateway
 89049 | Depths:1 | Entered Level 1 of the Depths
 89057 | Depths:1 | Reached skill level 5 in Summonings
 90560 | Depths:1 | Found a gateway to Hell.
 90627 | Depths:1 | You fall into a shaft and drop 1 floor!
 90627 | Depths:2 | Noticed Nikola
 90633 | Depths:2 | You fall into a shaft and drop 1 floor!
 91015 | Depths:2 | HP: 3/127 [something (9)]
 91015 | Depths:2 | Mangled by a vampire knight

Illustrated notes

Levels and vault maps discovered:
D:1:      minmay_arrival_up_and_down, layout_basic
D:2:      layout_rooms, okawaru_trees_1, lemuel_coloured_pillars_altar,
          lemuel_round_altar, nicolae_overflow_crystal_walls,
          minmay_misc_feat_nine_boxes, uniq_robin
D:3:      layout_loops_ring, uniq_terence
D:4:      layout_basic, old_standard_altar,
          nicolae_gozag_cash_rules_everything_around_me
D:5:      layout_basic, elyvilon_altar_3, minmay_temple_entry_from_below_a,
          grunt_ministairs_3
D:6:      layout_rooms, portal_sewer_entry_b, nicolae_alphabet_shops
D:7:      layout_loops_ring, old_standard_altar,
          nicolae_qazlal_general_emergency
D:8:      layout_basic, lemuel_zombie_altar_yredelemnul, old_standard_altar,
          general_overflow_altar, lair_entry_dummy,
          hangedman_abyss_or_decor_jellyfish_corner, uniq_pikel
D:9:      layout_rooms, orc_0_dummy, serial_shops, shop, kennysheep_mini_moat,
          nicolae_shop_competitors_out_of_business, nicolae_shop_statue_plus
D:10:     layout_stronghold, nicolae_trove_entry_free_sample, uniq_nergalle,
          uniq_joseph
D:11:     layout_irregular_city, portal_ice_cave_entry_animals_and_master,
          gauntlet_entry_generic, grunt_ministairs_4, minmay_misc_feat_roman,
          grunt_decor_clamped, hangedman_ru_absence
D:12:     layout_roguey, serial_shops, nicolae_shop_trees, uniq_kirke
D:13:     layout_cave_pools, ximxim_vaults_locker_room
D:14:     layout_gridville, kennysheep_flooded_box,
          maelrawn_ghost_gauntlet_escape, chequers_serial_rivers_micro_b,
          grunt_decor_one_mirror, minmay_checkered_concentric_circles
D:15:     grunt_enter_depths_snipers, layout_cross, minmay_stone_trees_large
Temple:   jpeg_temple_alley_garden
Lair:1:   layout_loops_ring, grunt_megastairs_2
Lair:2:   layout_roguey, minmay_swamp_entry_worms, st_stairs_11
Lair:3:   layout_concentric_octagons, dummy_snake_entry, beast_lair_carwin_4,
          serial_bayou_shore_b, infiniplex_staircase_pool_2
Lair:4:   layout_gridlike, enter_volcano_4
Lair:5:   layout_hall_layers, serial_bayou_crossing
Lair:6:   minmay_lair_end_frog_pond, layout_layer_cave, slime_altar_1,
          gammafunk_ghost_ooze, minivault_19, minmay_lair_oklob_chamber
Swamp:1:  layout_basic_swamp, evilmike_swamp_ruin_rubble_2, swamp_pool5
Swamp:2:  layout_falls_marsh, evilmike_swamp_ruin_house_4, swamp_pool3,
          st_shrine_of_shade
Swamp:3:  layout_basic_swamp, evilmike_swamp_ruin_wall, swamp_pool1,
          st_swamp_mini
Swamp:4:  grunt_swamp_rune_castle, layout_basic_swamp, swamp_pool1,
          nicolae_swamp_feature_on_the_river_bank, uniq_donald
Snake:1:  layout_basic, st_stairs_2, grunt_megastairs_3, minmay_shop_star,
          lemuel_fruit_tree
Snake:2:  layout_honeycomb
Snake:3:  layout_cave_town, uniq_louise
Snake:4:  grunt_snake_rune_spirals, layout_onion, uniq_vashnia, uniq_aizul
Orc:1:    layout_caves
Orc:2:    grunt_orc_tribal_feast, layout_caves, serial_shops, shop, shop
Elf:1:    minmay_elf_arrival_summoners, layout_rooms,
          portal_desolation_entry_ruin, basic_altar, minmay_elf_necromancy
Elf:2:    layout_onion_city, infiniplex_enter_wizlab_glasses
Elf:3:    grunt_elf_hall_asides, layout_gridlike, minmay_shop_grove
Vaults:1: vaults_mumra_lcd, v_misc_2, vaults_dpeg_diagonal,
          dpeg_vaults_monster_row, vaults_mumra_hex, layout_vaults_omnigrid
Vaults:2: serial_ice_h, v_misc_13, nicolae_vaults_network_periphery,
          vaults_room_pools, v_alt_pattern_2, nicolae_vaults_rhombus_7,
          grunt_vaults_swirl, v_rooms_1, nicolae_vaults_big_ls,
          vaults_room_pools, ontoclasm_vaults_hangar, layout_vaults_maze,
          serial_shops, nicolae_shop_waterfront, uniq_jory
Vaults:3: v_misc_16, minmay_crypt_entry_nasty_monster,
          hangedman_vaults_corner_blocks, nicolae_vaults_network_quinsquares
          [nicolae_vaults_network_quincunx_subvault,
          nicolae_vaults_network_quincunx_subvault,
          nicolae_vaults_network_quincunx_subvault,
          nicolae_vaults_network_quincunx_subvault],
          ontoclasm_vaults_misaligned, nicolae_vaults_little_squares_1,
          vaults_standard_mumra_enter_the_diamond, hangedman_vaults_variations,
          v_misc_28, vaults_room_door_hall, nicolae_vaults_little_ls, v_misc_1,
          ontoclasm_vaults_hangar, vaults_room_fancy_cross,
          ontoclasm_vaults_ring_small, layout_vaults_omnibox, serial_shops,
          bzr_entry_dummy, shop
Vaults:4: grunt_vaults_funnel, st_lines, hangedman_vaults_hat, vaults_room_grid,
          grunt_vaults_hallway_short, vaults_standard_mumra_x,
          vaults_dpeg_spiral, v_alt_pattern_2, v_alt_pattern_2,
          ontoclasm_vaults_chip, ontoclasm_vaults_misaligned,
          layout_vaults_big_cross
Vaults:5: uniq_frederick
Crypt:1:  layout_gridlike, serial_co_window_serial, co_window_paths_a,
          co_window_paths_b, co_window_corner_a, co_window_of_opportunity_a,
          co_window_paths_a, co_window_corner_a, co_window_2corner,
          co_window_of_opportunity_b, co_window_corner_cb, co_window_broadway_c,
          co_window_broadway_b, co_window_2corner, lemuel_hellish_altar,
          uniq_saint_roka
Depths:1: cheibrodos_lost_city_excavation, layout_cave_pools, abyss_entry,
          chequers_jeans, pf_hell_entry_tar_river, kennysheep_two_boxes
Depths:2: kennysheep_six_static_rooms, layout_gridlike, hellmouth_1,
          uniq_nikola, uniq_asterion
Depths:3: minmay_expanding_circles, layout_cave_shapes, abandoned_shop,
          rand_demon_pan_entry_9, grunt_hell_entry_dis_old,
          serial_bayou_shore_a, minmay_shoptagon, serial_bayou_shore_b,
          infiniplex_staircase_zigzag_4, uniq_bai_suzhen, uniq_boris

Skill      XL: |  1  2  3  4  5  6  7  8  9 10 11 12 13 14 15 16 17 18 19 20 21 22 |
---------------+-------------------------------------------------------------------+-----
Conjurations   | 2 3 4 5 6 8 9 10 11 12 14 16 | 16.4
Spellcasting   | 4 5 6 7 9 10 12 13 15 17 20 21 23 24 25 | 25.5
Fire Magic     | 4 5 6 8 9 10 11 12 14 16 | 16.4
Translocations | 3 5 8 |  8.7
Hexes          | 4 11 13 14 15 | 15.0
Shields        | 4 |  4.0
Fighting       | 3 7 9 10 | 10.0
Dodging        | 6 10 13 15 16 | 16.2
Ice Magic      | 10 | 10.0
Earth Magic    | 10 | 10.0
Evocations     | 8 10 | 10.0
Transmutations | 7 9 |  9.0
Summonings     | 7 |  7.0
Stealth        | |  2.4

Action                   |  1- 3 |  4- 6 |  7- 9 | 10-12 | 13-15 | 16-18 | 19-21 | 22-24 || total
-------------------------+-------+-------+-------+-------+-------+-------+-------+-------++-------
Melee: Dagger            |       |     5 |    48 |    52 |    45 |       |       |       ||   150
       Unarmed           |       |     1 |       |       |       |       |     7 |       ||     8
       Staff             |       |       |       |       |     3 |     1 |    33 |       ||    37
       Tailslap          |       |       |       |       |       |       |     1 |       ||     1
 Cast: Foxfire           |   129 |   208 |   198 |       |     3 |       |       |       ||   538
       Sticky Flame      |       |     1 |    18 |    10 |     9 |     3 |       |       ||    41
       Fireball          |       |       |    20 |   229 |   592 |   503 |   164 |     3 ||  1511
       Blink             |       |       |       |     3 |       |       |       |       ||     3
       Cause Fear        |       |       |       |     5 |     3 |       |       |       ||     8
       Invisibility      |       |       |       |     9 |     2 |       |     1 |       ||    12
       Irradiate         |       |       |       |       |    10 |    20 |    27 |    14 ||    71
       Ozocubu's Refrige |       |       |       |       |     3 |    28 |    59 |    32 ||   122
       Passage of Golubr |       |       |       |       |     1 |     2 |     1 |       ||     4
       Iron Shot         |       |       |       |       |       |   102 |   601 |    57 ||   760
       Orb of Destructio |       |       |       |       |       |    21 |    61 |     5 ||    87
       Dragon Form       |       |       |       |       |       |       |    11 |       ||    11
       Ignition          |       |       |       |       |       |       |     3 |    11 ||    14
       Fire Storm        |       |       |       |       |       |       |     1 |       ||     1
       Malign Gateway    |       |       |       |       |       |       |       |     4 ||     4
       Shadow Creatures  |       |       |       |       |       |       |       |     1 ||     1
 Abil: Breathe Fire      |       |       |       |       |       |       |     4 |       ||     4
Evoke: Wand              |       |       |       |       |       |     2 |     1 |       ||     3
  Use: Potion            |     1 |     3 |     1 |     1 |       |     3 |     7 |     8 ||    24
       Scroll            |       |     3 |     6 |    17 |    11 |     9 |    12 |     7 ||    65
 Stab: Sleeping          |       |       |     2 |       |       |       |       |       ||     2
Armor: Robe              |     3 |     8 |    25 |    50 |    40 |    42 |    56 |    36 ||   260
       Skin              |       |       |       |       |       |       |     5 |       ||     5
Dodge: Dodged            |    16 |    29 |    64 |    81 |   174 |   174 |   283 |   108 ||   929
Block: Buckler           |       |       |       |     7 |    75 |    63 |   105 |    35 ||   285

Table legend: (Time is in decaauts)
 A = Elapsed time spent in this place.
 B = Non-inter-level travel time spent in this place.
 C = Inter-level travel time spent in this place.
 D = Time resting spent in this place.
 E = Time spent auto-exploring this place.
 F = Levels seen in this place.
 G = Mean time per level.
                   A        B        C        D        E       F      G
               +--------+--------+--------+--------+--------+-----+--------+
         Total |  91460 |  85189 |   6271 |  28226 |  46927 |  47 | 1946.0 |
       Dungeon |  30102 |  27453 |   2649 |   7743 |  16480 |  15 | 2006.8 |
        Temple |    217 |    165 |     52 |      0 |    164 |   1 |  217.0 |
          Lair |  11332 |  10576 |    756 |   2563 |   6980 |   6 | 1888.7 |
         Swamp |   9439 |   9048 |    391 |   5645 |   2679 |   4 | 2359.8 |
     Snake Pit |  11023 |  10040 |    983 |   3756 |   5208 |   4 | 2755.8 |
  Orcish Mines |   2439 |   2209 |    230 |    157 |   1701 |   2 | 1219.5 |
   Elven Halls |   6919 |   6641 |    278 |   1462 |   4188 |   3 | 2306.3 |
        Vaults |  17334 |  16404 |    930 |   6109 |   8182 |   5 | 3466.8 |
         Crypt |      1 |      1 |      0 |      0 |      0 |   1 |    1.0 |
        Depths |    534 |    534 |      0 |    359 |     55 |   3 |  178.0 |
        Bazaar |    308 |    308 |      0 |    228 |     34 |   1 |  308.0 |
      Ice Cave |   1619 |   1619 |      0 |     23 |   1255 |   1 | 1619.0 |
        Wizlab |    186 |    186 |      0 |    181 |      0 |   1 |  186.0 |
               +--------+--------+--------+--------+--------+-----+--------+

Top non-repeatable levels by time:
Vaults:3: 5199 daAuts
 Swamp:4: 5153 daAuts
Vaults:4: 4903 daAuts
 Snake:4: 4043 daAuts
Vaults:1: 3892 daAuts
 Snake:3: 3875 daAuts
  Lair:5: 3370 daAuts
Vaults:2: 3322 daAuts
    D:12: 3159 daAuts
   Elf:3: 2975 daAuts
    D:11: 2909 daAuts
    D:14: 2847 daAuts
    D:15: 2795 daAuts
  Lair:6: 2483 daAuts
     D:8: 2330 daAuts
